 Dungeon Crawl Stone Soup version 0.25-a0-829-g4e6a552925 (webtiles) character file.

Game seed: 11197549244858206014, levelgen mode: deterministic

306675 Froggeryz the Peltast (level 21, -5/140 HPs)
             Began as a Gargoyle Wanderer on Apr 20, 2020.
             Was the Champion of Okawaru.
             Slain by a vault guard
             ... wielding a cursed -1 great mace
              (12 damage)
             ... on level 4 of the Vaults on Apr 21, 2020.
             The game lasted 01:29:33 (37318 turns).

Froggeryz the Peltast (Gargoyle Wanderer)          Turns: 37318, Time: 01:29:34

Health: -5/140     AC: 43    Str: 23    XL:     21   Next: 16%
Magic:  27/29      EV:  7    Int: 17    God:    Okawaru [******]
Gold:   2829       SH: 10    Dex: 17    Spells: 24/26 levels left

rFire    . . .     SeeInvis .   D - +10 morningstar "Eos" {elec, Halo rElec}
rCold    + . .     Gourm    .   z - +1 buckler {rN+}
rNeg     + + .     Faith    .   x - +3 plate armour {rC+}
rPois    ∞         Spirit   .   f - +2 hat of Oxkur {Regen+ Int+2}
rElec    +         Reflect  .   B - +1 cloak
rCorr    .         Harm     .   Q - +2 pair of gloves {archery}
MR       ++...                  v - +0 pair of boots of the Locust {rElec Stlth+}
Stlth    ..........             J - amulet of Vegudepp {Regen+ Dex+9}
HPRegen  1.53/turn              p - ring of protection from magic
MPRegen  0.21/turn              y - +5 ring of slaying

@: flying, very slightly contaminated, glowing
A: big wings, blurry vision 1, dopey 1, negative energy resistance 1,
regeneration 1, electricity resistance, unbreathing, petrification resistance,
rot immunity, MP-powered wands, AC +16
}: 2/15 runes: serpentine, barnacled
a: Stop Flying, Heroism, Finesse, Renounce Religion


You were on level 4 of the Vaults.
You worshipped Okawaru.
Okawaru was exalted by your worship.
You were not hungry.

You visited 7 branches of the dungeon, and saw 34 of its levels.
You visited 1 bazaar.
You also visited: Sewer and Gauntlet.

You collected 5010 gold pieces.
You spent 2181 gold pieces at shops.

Inventory:

Hand Weapons
 n - a +5 sacred scourge of holy wrath
 D - the +10 morningstar "Eos" (weapon) {elec, Halo rElec}
   (You found it on level 5 of the Dungeon)

   Occasionally, upon striking a foe, it will discharge some electrical energy
   and cause terrible harm.
   It insulates you from electricity.
 X - a +5 vorpal eveningstar
Missiles
 w - 58 javelins (quivered)
 K - 8 throwing nets
 O - 42 silver javelins
Armour
 f - the +2 hat of Oxkur (worn) {Regen+ Int+2}
   (You found it on level 1 of the Orcish Mines)

   It affects your intelligence (+2).
   It increases your rate of regeneration.
 q - a scarf of cloud immunity
 v - the +0 pair of boots of the Locust (worn) {rElec Stlth+}
   (Okawaru gifted it to you on level 2 of the Orcish Mines)

   It insulates you from electricity.
   It makes you more stealthy.
 x - a +3 plate armour of cold resistance (worn)
 z - a +1 buckler of positive energy (worn)
 B - a +1 cloak (worn)
 Q - a +2 pair of gloves of archery (worn)
 Y - a +2 tower shield of protection
Jewellery
 i - an uncursed ring of protection from fire
 m - an uncursed ring of protection from magic
 p - a ring of protection from magic (left hand)
 y - a +5 ring of slaying (right hand)
 C - an uncursed ring of positive energy
 J - the amulet of Vegudepp (around neck) {Regen+ Dex+9}
   (You found it on level 11 of the Dungeon)

   [amulet of regeneration]

   It affects your dexterity (+9).
   It increases your rate of regeneration.
 V - an uncursed ring of protection from cold
 Z - the amulet of Ocwynow {RegenMP +Blink Str+4 Dex-2}
   (You found it on level 1 of the Vaults)

   [amulet of magic regeneration]

   It increases your magic regeneration.
   It affects your strength (+4).
   It affects your dexterity (-2).
   It lets you blink.
Wands
 h - a wand of acid (43)
 k - a wand of polymorph (36)
 E - a wand of scattershot (11)
 P - a wand of iceblast (26)
 R - a wand of disintegration (17)
Scrolls
 a - 6 scrolls of fear
 b - 19 scrolls of teleportation
 e - 8 scrolls of immolation
 g - 6 scrolls of fog
 l - 21 scrolls of remove curse
 o - 10 scrolls of identify
 r - a scroll of silence
 s - 5 scrolls of blinking
 G - 4 scrolls of enchant armour
 I - 2 scrolls of vulnerability
 U - 5 scrolls of magic mapping
Potions
 c - a potion of brilliance
 j - 3 potions of might
 t - 3 potions of heal wounds
 u - 7 potions of haste
 A - 10 potions of curing
 F - a potion of cancellation
 H - 2 potions of resistance
 L - 6 potions of ambrosia
 N - 2 potions of mutation
Comestibles
 d - 49 rations


   Skills:
 - Level 17.5 Fighting
 - Level 19.1 Maces & Flails
 - Level 8.8 Throwing
 - Level 10.2 Armour
 * Level 20.0 Shields
 - Level 3.0 Spellcasting
   Level 1.0 Necromancy
   Level 1.0 Ice Magic
 - Level 8.0 Invocations
 - Level 11.5 Evocations


You had 24 spell levels left.
You knew the following spells:

 Your Spells              Type           Power        Failure   Level  Hunger
a - Blink                 Tloc           N/A          97%         2    ##.....

Your spell library contained the following spells:

 Spells                   Type           Power        Failure   Level  Hunger
 Freeze                   Ice            #...         80%         1    None
 Beastly Appendage        Tmut           #.....       91%         1    None
 Infusion                 Chrm           #...         91%         1    None
 Magic Dart               Conj           #...         91%         1    None
 Shock                    Conj/Air       #...         91%         1    None
 Sting                    Tmut/Pois      #...         91%         1    None
 Summon Small Mammal      Summ           #...         91%         1    None
 Corpse Rot               Necr/Air       N/A          95%         2    ##.....
 Call Imp                 Summ           #.......     97%         2    ##.....
 Poisonous Vapours        Pois/Air       #.....       97%         2    ##.....
 Searing Ray              Conj           #.....       97%         2    ##.....
 Shroud of Golubria       Chrm/Tloc      #.....       97%         2    ##.....
 Slow                     Hex            #.......     97%         2    ##.....
 Song of Slaying          Chrm           #.......     97%         2    ##.....
 Sticks to Snakes         Tmut           #.......     97%         2    ##.....
 Swiftness                Chrm/Air       #.......     97%         2    ##.....
 Call Canine Familiar     Summ           #.......     99%         3    ###....
 Conjure Flame            Conj/Fire      #.......     99%         3    ###....
 Dazzling Flash           Conj/Hex       #.....       99%         3    ###....
 Frozen Ramparts          Ice            #.....       99%         3    ###....
 Ignite Poison            Fire/Tmut/Pois #.......     99%         3    ###....
 Mephitic Cloud           Conj/Pois/Air  #.......     99%         3    ###....
 Ozocubu's Armour         Chrm/Ice       #.......     99%         3    ###....
 Spectral Weapon          Hex/Chrm       #.......     99%         3    ###....
 Spider Form              Tmut/Pois      #.........   99%         3    ###....
 Static Discharge         Conj/Air       #.......     99%         3    ###....
 Stone Arrow              Conj/Erth      #.....       99%         3    ###....
 Summon Guardian Golem    Hex/Summ       #.......     99%         3    ###....
 Airstrike                Air            #.........   100%        4    ####...
 Cause Fear               Hex            #.........   100%        4    ####...
 Fulminant Prism          Conj/Hex       #.........   100%        4    ####...
 Hailstorm                Conj/Ice       #.......     100%        4    ####...
 Ice Form                 Ice/Tmut       #.......     100%        4    ####...
 Iskenderun's Mystic Bla  Conj/Tloc      #.......     100%        4    ####...
 Olgreb's Toxic Radiance  Pois           #.......     100%        4    ####...
 Summon Ice Beast         Ice/Summ       #.......     100%        4    ####...
 Summon Lightning Spire   Summ/Air       #.......     100%        4    ####...
 Blade Hands              Tmut           #.........   100%        5    ######.
 Bolt of Magma            Conj/Fire/Erth #.........   100%        5    ######.
 Iskenderun's Battlesphe  Conj/Chrm      #.......     100%        5    ######.
 Lightning Bolt           Conj/Air       #.........   100%        5    ######.
 Silence                  Hex/Air        #.........   100%        5    ######.
 Summon Forest            Summ/Tloc      #.........   100%        5    ######.
 Yara's Violent Unravell  Hex/Tmut       #.........   100%        5    ######.
 Eringya's Noxious Bog    Tmut/Pois      #.........   100%        6    #######
 Hydra Form               Tmut           #.........   100%        6    #######
 Iron Shot                Conj/Erth      #.........   100%        6    #######
 Orb of Destruction       Conj           #.........   100%        7    #######
 Spellforged Servitor     Conj/Summ      #.........   100%        7    #######
 Summon Hydra             Summ           #.........   100%        7    #######
 Discord                  Hex            #.........   100%        8    #######


Dungeon Overview and Level Annotations

Branches:
Dungeon (13/15)            Temple (1/1) D:4            Lair (6/6) D:10
 Shoals (4/4) Lair:4        Snake (4/4) Lair:4        Slime (0/5) Lair:6
    Orc (2/2) D:11            Elf (0/3) Orc:2        Vaults (4/5) D:13
  Crypt (0/3) Vaults:2      Sewer (visited)         Gauntlet (visited)

Altars:
Ashenzari
Cheibriados
Elyvilon
Fedhas
Hepliaklqana
Kikubaaqudgha
Makhleb
Nemelex Xobeh
Okawaru
Qazlal
Ru
Sif Muna
Trog
Uskayaw
Vehumet
Wu Jian
Xom
Yredelemnul
Zin
The Shining One
Beogh
Jiyva

Shops:
D:9 (   Orc:2 %:!(   Shoals:4 ?   Snake:1 (   Snake:3 =}   Snake:4 [
Vaults:4 *

Portals:
Pandemonium: Orc:2

Annotations:
D:3 Grinder


Innate Abilities, Weirdness & Mutations

You are resistant to torment.
Your stone body is resilient. (AC +16)
You are immune to poison.
Your large and strong wings let you fly indefinitely.
You resist negative energy. (rN+)
You are resistant to electric shocks. (rElec)
You can survive without breathing.
You are immune to petrification.
You are immune to rotting.
Scrolls take you a little longer to read.
You are dopey. (Int -2)
Your natural rate of healing is unusually fast.
You expend magic power (3 MP) to strengthen your wands.


Message History

* * * LOW HITPOINT WARNING * * *
The vault guard hits you but does no damage.
The ironheart preserver hits you but does no damage.
The vault guard hits you but does no damage.
Unknown command.
Okay, then.
Really read with blurry vision while enemies are nearby? [Y]es or [N]o only, please.
Really read with blurry vision while enemies are nearby? [Y]es or [N]o only, please.
Really read with blurry vision while enemies are nearby?
You block the vault warden's attack.
The vault guard hits you but does no damage.
You begin reading the scroll.
You continue reading the scroll.
You block the vault guard's attack.
The vault guard hits you with a +0 great sword!
* * * LOW HITPOINT WARNING * * *
The ironheart preserver closely misses you.
The vault guard hits you with a cursed -1 great mace!
You die...

#......# # #%$[$(###
#'##+###
##.+...p.+.###......#
#..#######..##......#
#...........##......#
#...........##......#
#...........##......#
#....ppp..# #......#
#pp@# #......# #.pp#
#......# #...#
#......#
###+######'######
#.........####
#.........#..#
#..##+##'##..#
+..#.........####
####.........#..#


You could see an ironheart preserver, a vault warden, 4 vault guards, a vault
sentinel and an ironbrand convoker.

Vanquished Creatures
  Mara (Snake:3)
  Mennas (Vaults:3)
  Vashnia (Snake:2)
  A lich (Vaults:1)
  Gastronok (D:8)
  2 sphinxes (Vaults:2)
  A kraken (Shoals:2)
  A tengu reaver (Vaults:1)
  Agnes (Snake:3)
  11 nagarajas
  Aizul (Snake:3)
  3 frost giants
  11 vault wardens
  Louise (Snake:2)
  The ghost of Keaj the Unseen, an adept FeCK of Zin (Vaults:1)
  8 ironheart preservers
  9 stone giants
  A minotaur (Gauntlet)
  3 merfolk javelineers
  3 eidola (Vaults:1)
  A deep elf death mage (Vaults:2)
  4 ettins
  3 fire dragons
  Snorg (D:12)
  4 yaktaur captains
  8 merfolk impalers
  6 ogre magi
  A great orb of eyes (Vaults:4)
  7 vault guards
  13 naga warriors
  2 rakshasas
  Erolcha (D:11)
  5 hydras
  An ice dragon (Vaults:3)
  A death knight (D:12)
  4 merfolk aquamancers
  Erica (D:8)
  6 merfolk avatars
  12 anacondas
  A catoblepas (Lair:6)
  16 two-headed ogres
  The ghost of larifari the Tainter, a journeyman OpVM of Ashenzari (Orc:1)
  6 centaur warriors
  2 satyrs
  5 orc high priests (Orc:2)
  A deep troll earth mage (Vaults:1)
  6 shock serpents
  15 naga sharpshooters
  3 deep elf knights
  Nergalle (Orc:1)
  2 shadow wraiths
  9 skeletal warriors
  2 salamander mystics (Snake:4)
  A torturous demonspawn (Orc:2)
  2 sixfirhies (Orc:2)
  10 sea snakes
  2 glowing orange brains
  An infernal demonspawn (Orc:2)
  6 unseen horrors
  3 wizards
  11 naga ritualists
  2 deep trolls (Vaults:1)
  A flayed ghost (Vaults:2)
  A gelid demonspawn (Orc:2)
  4 deep elf archers
  An obsidian statue (Gauntlet)
  7 ironbrand convokers
  An oklob plant (Shoals:3)
  10 harpies
  7 ugly things
  14 orc knights
  10 manticores
  18 mana vipers
  2 moths of wrath (Orc:1)
  4 wolf spiders
  13 deep elf magi
  9 slime creatures
  6 fauns
  7 orc sorcerers
  4 water nymphs
  Maurice (D:9)
  2 cyclopes
  9 merfolk sirens
  13 salamanders
  16 elephants
  17 naga magi
  41 black mambas
  5 guardian serpents
  9 spiny frogs
  14 vault sentinels
  An orange demon (Orc:2)
  2 centaur skeletons
  A torpor snail (shapeshifter) (Vaults:2)
  A rime drake (Lair:6)
  3 freezing wraiths
  17 yaktaurs
  A rime drake (shapeshifter) (Vaults:1)
  6 komodo dragons
  2 tengu conjurers (Vaults:1)
  6 trolls
  3 hornets
  A meliai (shapeshifter) (Vaults:1)
  A wind drake (shapeshifter) (D:13)
  A queen bee (D:10)
  4 polar bears
  33 merfolk
  5 wind drakes
  10 snapping turtles
  13 blink frogs
  18 dream sheep
  14 hippogriffs
  13 spriggans (Lair:6)
  2 shadows (Vaults:1)
  A vampire (D:12)
  11 water elementals
  15 yaks
  Sigmund (D:3)
  4 wraiths
  A fire bat (shapeshifter) (Vaults:2)
  2 hungry ghosts
  6 basilisks
  A golden eye (shapeshifter) (Vaults:1)
  A steam dragon (D:9)
  A basilisk (shapeshifter) (Vaults:2)
  Menkaure (D:5)
  2 vampire mosquitoes (D:13)
  65 nagas
  A warg (shapeshifter) (Vaults:4)
  11 water moccasins
  12 wargs
  4 porcupines
  An acid dragon (Vaults:1)
  3 ice beasts
  47 orc warriors
  4 sky beasts
  A swamp drake (D:11)
  4 black bears
  18 ogres
  2 eyes of draining
  15 wolves (Lair:6)
  5 phantoms
  11 centaurs
  8 boggarts
  7 crocodiles
  12 bullfrogs
  5 big kobolds
  2 gnoll sergeants
  4 scorpions
  A scorpion (shapeshifter) (Vaults:2)
  A wyvern skeleton (D:9)
  43 killer bees
  2 human simulacra (Vaults:3)
  An orc simulacrum (Vaults:1)
  4 howler monkeys
  2 vampire bats (Lair:3)
  18 wights
  An electric eel (D:13)
  3 lava snakes (Lair:3)
  6 crimson imps
  4 bullfrog zombies
  A quasit (D:8)
  4 jellies
  3 hounds
  25 orc priests
  Crazy Yiuf (D:5)
  2 bullfrog skeletons
  15 orc wizards
  4 iguanas
  15 worker ants
  A hound zombie (D:5)
  4 hound skeletons
  A howler monkey skeleton (D:9)
  22 gnolls
  A river rat (D:3)
  11 adders
  7 shadow imps
  3 white imps (Gauntlet)
  2 oozes (D:1)
  An adder skeleton (D:4)
  3 worms
  5 dart slugs
  8 leopard geckos
  85 orcs
  5 giant cockroaches
  6 goblins
  12 hobgoblins
  14 jackals
  8 quokkas
  6 ball pythons
  14 bats
  8 frilled lizards
  A giant cockroach zombie (D:5)
  31 kobolds
  A quokka skeleton (D:9)
  30 rats
  7 plants
  2 tentacles (Shoals:2)
1399 creatures vanquished.

Vanquished Creatures (collateral kills)
  A frost giant (Shoals:4)
  2 merfolk impalers (Shoals:4)
3 creatures vanquished.

Vanquished Creatures (others)
  Asterion (Vaults:1)
  A merfolk javelineer (Shoals:4)
  A sea snake (Shoals:4)
  A faun (Shoals:1)
  A naga (Snake:4)
  A frilled lizard (D:3)
  A fungus (Lair:6)
  8 plants
  6 tentacles (Shoals:2)
21 creatures vanquished.

Grand Total: 1423 creatures vanquished

Notes
Turn   | Place    | Note
-------+----------+-------------------------------------------
     0 | D:1      | Froggeryz the Gargoyle Wanderer began the quest for the
                  | Orb.
     0 | D:1      | Froggeryz set off with the following items: a +0 club, 2
                  | scrolls of teleportation, a +2 scale mail, a ration
     0 | D:1      | Reached XP level 1. HP: 12/12 MP: 2/2
   373 | D:1      | Reached XP level 2. HP: 14/16 MP: 3/3
  1026 | D:1      | Reached XP level 3. HP: 15/20 MP: 4/4
  1432 | D:2      | You fall into a shaft and drop 1 floor!
  1440 | D:3      | Noticed Sigmund
  1461 | D:3      | Noticed Grinder
  1626 | D:3      | Found a glowing drain.
  1630 | Sewer    | Entered a sewer
  1825 | Sewer    | Reached XP level 4. HP: 25/25 MP: 5/5
  2018 | Sewer    | Reached skill level 5 in Maces & Flails
  3213 | D:2      | Found a sacrificial altar of Ru.
  3277 | D:2      | Reached XP level 5. HP: 29/29 MP: 6/6
  3615 | D:3      | Killed Sigmund
  3615 | D:3      | Reached XP level 6. HP: 8/34 MP: 7/7
  4961 | D:4      | Noticed a phantom
  5001 | D:4      | Killed a phantom
  5001 | D:4      | Reached XP level 7. HP: 18/39 MP: 8/8
  5262 | D:4      | Found a staircase to the Ecumenical Temple.
  5433 | D:5      | Entered Level 5 of the Dungeon
  5491 | D:5      | Reached skill level 2 in Shields
  5544 | D:5      | Reached skill level 3 in Shields
  5818 | D:5      | Reached skill level 4 in Shields
  5818 | D:5      | Reached XP level 8. HP: 21/44 MP: 9/9
  6303 | D:5      | Noticed Menkaure
  6308 | D:5      | Killed Menkaure
  6500 | D:5      | Noticed a moth of wrath
  6503 | D:5      | Found a bloodstained altar of Trog.
  6522 | D:5      | Reached skill level 5 in Shields
  6589 | D:5      | Found a runed translucent door.
  6590 | D:5      | Found the +10 morningstar "Eos" {elec, Halo rElec}
  6590 | D:5      | Noticed Crazy Yiuf
  6598 | D:5      | Killed Crazy Yiuf
  6873 | D:6      | Reached skill level 6 in Shields
  7526 | D:7      | Found a shimmering blue altar of Sif Muna.
  7529 | D:7      | Found an ornate altar of the Wu Jian Council.
  7532 | D:7      | Found a white marble altar of Elyvilon.
  7679 | Temple   | Entered the Ecumenical Temple
  7693 | Temple   | Became a worshipper of Warmaster Okawaru
  7766 | D:7      | Reached XP level 9. HP: 49/49 MP: 10/10
  7802 | D:7      | Reached skill level 10 in Maces & Flails
  7877 | D:7      | Reached * piety under Okawaru
  7952 | D:7      | Found an ornate altar of the Wu Jian Council.
  8215 | D:7      | Found a shimmering altar of Xom.
  8388 | D:8      | Reached skill level 5 in Armour
  8553 | D:8      | Noticed Gastronok
  8564 | D:8      | HP: 2/49 [Gastronok/the air (20)]
  8940 | D:8      | Noticed Erica
  8941 | D:8      | Reached ** piety under Okawaru
  8941 | D:8      | Reached XP level 10. HP: 53/54 MP: 0/11
  8949 | D:8      | Killed Erica
  9038 | D:8      | Killed Gastronok
  9038 | D:8      | Reached *** piety under Okawaru
  9038 | D:8      | Reached **** piety under Okawaru
  9231 | D:8      | Reached XP level 11. HP: 49/59 MP: 12/12
  9564 | D:9      | Noticed Maurice
  9576 | D:9      | Killed Maurice
  9576 | D:9      | Reached ***** piety under Okawaru
 10013 | D:9      | Found Wis Gieto's Weapon Emporium.
 10573 | D:10     | Entered Level 10 of the Dungeon
 10757 | D:10     | Found a staircase to the Lair.
 10966 | D:10     | Received a gift from Okawaru
 10967 | D:10     | Found the +8 frozen axe "Frostbite" {freezing cloud, *Noise
                  | +Fly rC+}
 11061 | D:10     | Reached skill level 5 in Fighting
 11275 | D:10     | Found a sparkling altar of Nemelex Xobeh.
 11520 | Lair:1   | Entered Level 1 of the Lair of Beasts
 13063 | Lair:3   | Received a gift from Okawaru
 13123 | Lair:3   | Noticed a five-headed hydra
 13129 | Lair:3   | Killed a five-headed hydra
 13129 | Lair:3   | Reached skill level 15 in Maces & Flails
 13129 | Lair:3   | Reached XP level 12. HP: 54/71 MP: 13/13
 13571 | Lair:3   | Noticed a fire dragon
 13598 | Lair:3   | Killed a fire dragon
 13992 | Lair:4   | Found a staircase to the Snake Pit.
 14132 | Lair:4   | Reached skill level 1 in Invocations
 14225 | Lair:4   | Received a gift from Okawaru
 14399 | Lair:4   | Found a staircase to the Shoals.
 14829 | Snake:1  | Entered Level 1 of the Snake Pit
 15000 | Lair:5   | Reached ****** piety under Okawaru
 15274 | Lair:5   | Noticed a six-headed hydra
 15286 | Lair:5   | Killed a six-headed hydra
 15286 | Lair:5   | Reached XP level 13. HP: 70/80 MP: 16/16
 15778 | Lair:6   | Entered Level 6 of the Lair of Beasts
 15790 | Lair:6   | Reached skill level 5 in Invocations
 16082 | Lair:6   | Found a shattered altar of Ashenzari.
 16249 | Lair:6   | Received a gift from Okawaru
 16623 | Lair:6   | Reached skill level 10 in Fighting
 16973 | Lair:6   | Found a viscous altar of Jiyva.
 16973 | Lair:6   | Found a staircase to the Slime Pits.
 17079 | Lair:6   | Gained mutation: Your large and strong wings let you fly
                  | indefinitely. [Gargoyle growth]
 17079 | Lair:6   | Reached XP level 14. HP: 63/88 MP: 19/19
 17971 | D:11     | Received a gift from Okawaru
 18186 | D:11     | Noticed Erolcha
 18194 | D:11     | Killed Erolcha
 18485 | D:11     | Found a staircase to the Orcish Mines.
 18927 | D:11     | Got a smoking ivory amulet
 18955 | D:11     | Identified the amulet of Vegudepp {Regen+ Dex+9} (You found
                  | it on level 11 of the Dungeon)
 19402 | Orc:1    | Entered Level 1 of the Orcish Mines
 19434 | Orc:1    | Found a roughly hewn altar of Beogh.
 19438 | Orc:1    | Noticed Nergalle
 19452 | Orc:1    | Killed Nergalle
 19615 | Orc:1    | Found a transporter.
 19615 | Orc:1    | Noticed larifari's ghost (journeyman OpVM)
 19667 | Orc:1    | Found a transporter.
 20012 | Orc:1    | Killed larifari's ghost
 20018 | Orc:1    | Got a heavily runed hat
 20089 | Orc:1    | Identified a scroll of acquirement
 20090 | Orc:1    | Identified the +2 hat of Oxkur {Regen+ Int+2} (You found it
                  | on level 1 of the Orcish Mines)
 20126 | Orc:2    | Entered Level 2 of the Orcish Mines
 20343 | Orc:2    | Found a staircase to the Elven Halls.
 20507 | Orc:2    | Noticed a stone giant
 20518 | Orc:2    | Killed a stone giant
 20603 | Orc:2    | Found Fielaach's Distillery.
 20628 | Orc:2    | Found Filecad's Food Shop.
 20637 | Orc:2    | Received a gift from Okawaru
 20638 | Orc:2    | Got a pair of shimmering boots {god gift}
 20654 | Orc:2    | Identified the +0 pair of boots of the Locust {rElec
                  | Stlth+} (Okawaru gifted it to you on level 2 of the Orcish
                  | Mines)
 20726 | Orc:2    | Bought a potion of heal wounds for 55 gold pieces
 20891 | Orc:2    | Reached XP level 15. HP: 96/96 MP: 21/21
 20925 | Orc:2    | Gained mutation: Armour fits poorly on your strangely
                  | shaped body. [a neqoxec]
 21013 | Orc:2    | Found Xoexteots's Antique Weapon Emporium.
 21013 | Orc:2    | Found Lory's Book Shoppe.
 21013 | Orc:2    | Found a one-way gate leading to the halls of Pandemonium.
 21582 | D:12     | Reached skill level 5 in Evocations
 21674 | D:12     | Received a gift from Okawaru
 21684 | D:12     | Got a smoking lajatang {god gift}
 21685 | D:12     | Identified the +6 lajatang "Asegufo" {speed, rF- rC++ rN+
                  | Stlth+} (Okawaru gifted it to you on level 12 of the
                  | Dungeon)
 21722 | D:12     | Noticed Snorg
 21734 | D:12     | Killed Snorg
 22505 | D:13     | Found a bloodstained altar of Trog.
 22516 | D:13     | Got a fine halberd
 22518 | D:13     | Identified the +8 halberd of Gieschaim {drain, MR+ Str+2}
                  | (You found it on level 13 of the Dungeon)
 22589 | D:13     | Found a gate leading to a gauntlet.
 22596 | Gauntlet | Entered a Gauntlet
 22596 | Gauntlet | Found a transporter.
 22601 | Gauntlet | Found a runed translucent door.
 22601 | Gauntlet | Found a transporter.
 22603 | Gauntlet | Found a transporter.
 22606 | Gauntlet | Found a transporter.
 22607 | Gauntlet | Found a transporter.
 22611 | Gauntlet | Found a runed translucent door.
 22613 | Gauntlet | Found a transporter.
 22615 | Gauntlet | Found a transporter.
 22616 | Gauntlet | Found a transporter.
 22623 | Gauntlet | Found a runed translucent door.
 22634 | Gauntlet | Found a transporter.
 22656 | Gauntlet | Found a transporter.
 22656 | Gauntlet | Found a transporter.
 22664 | Gauntlet | Found a transporter.
 22783 | Gauntlet | Got a fine lead amulet
 22786 | Gauntlet | Identified the amulet "Yxten" {Acrobat rF+ Str+2} (You
                  | found it in a Gauntlet)
 22798 | Gauntlet | Identified the ring "Qawnuqug" {Wiz rPois rN+ Str+4 SInv}
 22816 | Gauntlet | Got a crystal war axe
 22844 | D:13     | Identified the cursed +1 war axe of Blind Justice {freeze,
                  | rPois rF- Int+4} (You found it in a Gauntlet)
 22909 | D:13     | Received a gift from Okawaru
 23130 | D:13     | Reached skill level 7 in Shields
 23299 | D:13     | Found a gate to the Vaults.
 23769 | Snake:1  | Received a gift from Okawaru
 23911 | Snake:1  | Reached skill level 8 in Shields
 23948 | Snake:1  | Found Caunlaat's Weapon Boutique.
 24485 | Snake:2  | Reached XP level 16. HP: 106/106 MP: 22/22
 24514 | Snake:2  | Reached skill level 10 in Armour
 25198 | Snake:2  | Reached skill level 15 in Fighting
 25426 | Snake:2  | Received a gift from Okawaru
 25427 | Snake:2  | Got an encrusted great mace {god gift}
 25428 | Snake:2  | Identified the +1 great mace of Debt {protect, rPois rN+++
                  | MR- Int-4} (Okawaru gifted it to you on level 2 of the
                  | Snake Pit)
 25615 | Snake:3  | Noticed Vashnia
 25617 | Snake:3  | Noticed Louise
 25805 | Snake:2  | Killed Louise
 25827 | Snake:2  | Identified the ring of Ephemeral Luck {Wiz rPois Dex+2
                  | Stlth+} (You acquired it on level 2 of the Snake Pit)
 25897 | Snake:2  | Killed Vashnia
 26072 | Snake:3  | Noticed Mara
 26077 | Snake:3  | Noticed Froggeryz's illusion
 26088 | Snake:3  | Reached skill level 9 in Shields
 26094 | Snake:3  | Noticed Froggeryz's illusion
 26095 | Snake:3  | Received a gift from Okawaru
 26108 | Snake:3  | Killed Mara
 26157 | Snake:3  | Lost mutation: Armour fits poorly on your strangely shaped
                  | body. [potion of mutation]
 26157 | Snake:3  | Gained mutation: Scrolls take you a little longer to read.
                  | [potion of mutation]
 26157 | Snake:3  | Gained mutation: You are resistant to hostile enchantments.
                  | (MR+) [potion of mutation]
 26158 | Snake:3  | Lost mutation: You are resistant to hostile enchantments.
                  | (MR+) [potion of mutation]
 26158 | Snake:3  | Lost mutation: Scrolls take you a little longer to read.
                  | [potion of mutation]
 26158 | Snake:3  | Gained mutation: You tend to lose your temper in combat.
                  | [potion of mutation]
 26158 | Snake:3  | Gained mutation: You are frail. (-10% HP) [potion of
                  | mutation]
 26158 | Snake:3  | Gained mutation: Your spells are a little harder to cast,
                  | but a little more powerful. [potion of mutation]
 26159 | Snake:3  | Lost mutation: Your spells are a little harder to cast, but
                  | a little more powerful. [potion of mutation]
 26159 | Snake:3  | Lost mutation: You are frail. (-10% HP) [potion of
                  | mutation]
 26159 | Snake:3  | Gained mutation: You are dopey. (Int -2) [potion of
                  | mutation]
 26159 | Snake:3  | Gained mutation: You are agile. (Dex +2) [potion of
                  | mutation]
 26159 | Snake:3  | Gained mutation: Your spells are a little harder to cast,
                  | but a little more powerful. [potion of mutation]
 26160 | Snake:3  | Lost mutation: You are agile. (Dex +2) [potion of mutation]
 26160 | Snake:3  | Lost mutation: Your spells are a little harder to cast, but
                  | a little more powerful. [potion of mutation]
 26160 | Snake:3  | Gained mutation: You are resistant to hostile enchantments.
                  | (MR+) [potion of mutation]
 26160 | Snake:3  | Gained mutation: You are partially covered in slimy green
                  | scales. (AC +2) [potion of mutation]
 26160 | Snake:3  | Gained mutation: You are partially covered in large bone
                  | plates. (SH +4) [potion of mutation]
 26160 | Snake:3  | Gained mutation: Your spells are a little harder to cast,
                  | but a little more powerful. [potion of mutation]
 26178 | Snake:3  | Reached skill level 10 in Shields
 26183 | Snake:3  | Reached XP level 17. HP: 89/113 MP: 17/23
 26205 | Snake:3  | Noticed Agnes
 26208 | Snake:3  | Noticed Aizul
 26227 | Snake:3  | Killed Agnes
 26234 | Snake:3  | Killed Aizul
 26234 | Snake:3  | Received a gift from Okawaru
 26285 | Snake:3  | Found Luudd's Gadget Boutique.
 26286 | Snake:3  | Found Gaorut's Jewellery Shoppe.
 26286 | Snake:3  | Found Moiseuh's Jewellery Shoppe.
 26303 | Snake:3  | Bought a cursed -2 ring of strength for 34 gold pieces
 26314 | Snake:3  | Bought an uncursed ring of protection from fire for 425
                  | gold pieces
 26781 | Snake:4  | Entered Level 4 of the Snake Pit
 26797 | Snake:4  | Reached skill level 11 in Shields
 26928 | Snake:4  | Reached skill level 10 in Evocations
 26971 | Snake:4  | Received a gift from Okawaru
 26974 | Snake:4  | Reached skill level 12 in Shields
 27223 | Snake:4  | Received a gift from Okawaru
 27305 | Snake:4  | Got a serpentine rune of Zot
 27427 | Snake:4  | Reached skill level 13 in Shields
 27496 | Snake:4  | Reached XP level 18. HP: 105/119 MP: 26/26
 27592 | Snake:4  | Found Etusikk's Antique Armour Shop.
 27636 | Snake:4  | Bought a pair of embroidered gloves for 217 gold pieces
 27641 | Snake:4  | Bought a pair of embroidered gloves for 217 gold pieces
 28379 | Orc:2    | Bought a potion of mutation for 88 gold pieces
 28379 | Orc:2    | Bought 2 potions of mutation for 176 gold pieces
 28379 | Orc:2    | Lost mutation: You are dopey. (Int -2) [potion of mutation]
 28379 | Orc:2    | Lost mutation: You are resistant to hostile enchantments.
                  | (MR+) [potion of mutation]
 28379 | Orc:2    | Lost mutation: You are partially covered in large bone
                  | plates. (SH +4) [potion of mutation]
 28379 | Orc:2    | Lost mutation: Your spells are a little harder to cast, but
                  | a little more powerful. [potion of mutation]
 28379 | Orc:2    | Gained mutation: You are dopey. (Int -2) [potion of
                  | mutation]
 28379 | Orc:2    | Gained mutation: Your natural rate of healing is unusually
                  | fast. [potion of mutation]
 28379 | Orc:2    | Gained mutation: You expend magic power (3 MP) to
                  | strengthen your wands. [potion of mutation]
 28380 | Orc:2    | Lost mutation: You are dopey. (Int -2) [potion of mutation]
 28380 | Orc:2    | Lost mutation: You expend magic power (3 MP) to strengthen
                  | your wands. [potion of mutation]
 28380 | Orc:2    | Lost mutation: You tend to lose your temper in combat.
                  | [potion of mutation]
 28380 | Orc:2    | Lost mutation: You are partially covered in slimy green
                  | scales. (AC +2) [potion of mutation]
 28380 | Orc:2    | Gained mutation: Scrolls take you a little longer to read.
                  | [potion of mutation]
 28380 | Orc:2    | Gained mutation: You are dopey. (Int -2) [potion of
                  | mutation]
 28380 | Orc:2    | Gained mutation: You expend magic power (3 MP) to
                  | strengthen your wands. [potion of mutation]
 28574 | Shoals:1 | Entered Level 1 of the Shoals
 28623 | Shoals:1 | Received a gift from Okawaru
 28709 | Shoals:1 | Reached skill level 14 in Shields
 29417 | Shoals:2 | Reached skill level 1 in Throwing
 30300 | Shoals:3 | Found a hide-covered altar of Uskayaw.
 30663 | Shoals:3 | Reached skill level 15 in Shields
 30956 | Shoals:4 | Entered Level 4 of the Shoals
 30967 | Shoals:4 | Found Xoureotu's Magic Scroll Shop.
 31004 | Shoals:4 | Received a gift from Okawaru
 31017 | Shoals:4 | Bought 2 scrolls of enchant weapon for 270 gold pieces
 31527 | Shoals:4 | Reached XP level 19. HP: 92/126 MP: 23/27
 31684 | Shoals:4 | Got a barnacled rune of Zot
 32054 | Shoals:4 | Reached skill level 16 in Shields
 32421 | Vaults:1 | Entered Level 1 of the Vaults
 32478 | Vaults:1 | Received a gift from Okawaru
 32481 | Vaults:1 | Reached skill level 5 in Throwing
 32573 | Vaults:1 | Got an ancient zirconium amulet
 32625 | Vaults:1 | Noticed Asterion
 32631 | Vaults:1 | Killed Asterion
 32632 | Vaults:1 | Upgraded the game from 0.25-a0-815-gab441bd002 to
                  | 0.25-a0-829-g4e6a552925
 32693 | Vaults:1 | Noticed an Ice Fiend
 33178 | Vaults:1 | Found a runed translucent gate.
 33178 | Vaults:1 | Found a runed translucent gate.
 33178 | Vaults:1 | Found a runed translucent gate.
 33179 | Vaults:1 | Noticed Keaj's ghost (adept FeCK)
 33329 | Vaults:1 | Identified the amulet of Ocwynow {RegenMP +Blink Str+4
                  | Dex-2} (You found it on level 1 of the Vaults)
 33496 | Vaults:1 | You are sucked into a shaft and drop 1 floor!
 33521 | Vaults:2 | Received a gift from Okawaru
 33545 | Vaults:2 | Reached skill level 17 in Shields
 33894 | Vaults:2 | Reached XP level 20. HP: 134/134 MP: 28/28
 34441 | Vaults:2 | Found a staircase to the Crypt.
 34441 | Vaults:2 | Found an ancient bone altar of Kikubaaqudgha.
 34442 | Vaults:2 | Found a basalt altar of Yredelemnul.
 34814 | Vaults:1 | Received a gift from Okawaru
 34814 | Vaults:1 | Reached skill level 18 in Shields
 34826 | Vaults:1 | Identified the +2 robe "Wiaqyciq" {*Corrode rElec Dex+7}
 34836 | Vaults:1 | Found a radiant altar of Vehumet.
 35056 | Vaults:1 | Killed Keaj's ghost
 35541 | Vaults:3 | Found a flickering gateway to a bazaar.
 35547 | Bazaar   | Entered a bazaar
 35547 | Bazaar   | Found Sosogona's Book Shoppe.
 35555 | Bazaar   | Found Aschu's Armour Shop.
 35582 | Bazaar   | Found Plog's Assorted Antiques.
 35587 | Bazaar   | Found Qaruwn's Assorted Antiques.
 35587 | Bazaar   | Found Hyzxenae's Antique Weapon Shop.
 35590 | Bazaar   | Bought a scroll labeled KAIQAE XOFIAT for 13 gold pieces
 35590 | Bazaar   | Bought a smoky black potion for 11 gold pieces
 35600 | Bazaar   | Bought a leatherbound book for 405 gold pieces
 35624 | Bazaar   | Bought a potion of heal wounds for 135 gold pieces
 35624 | Bazaar   | Bought a triangular cabochon amulet for 135 gold pieces
 35731 | Vaults:3 | Noticed Mennas
 35791 | Vaults:3 | Killed Mennas
 35868 | Vaults:3 | Reached skill level 19 in Shields
 36272 | Vaults:3 | Received a gift from Okawaru
 36276 | Vaults:3 | Found an ornate altar of the Wu Jian Council.
 36513 | Vaults:3 | Learned a level 2 spell: Blink
 36957 | Vaults:4 | Received a gift from Okawaru
 36966 | Vaults:4 | Reached XP level 21. HP: 58/140 MP: 26/29
 37007 | Vaults:4 | Received a gift from Okawaru
 37090 | Vaults:4 | Found Vobud's Assorted Antiques.
 37299 | Vaults:4 | Reached skill level 20 in Shields
 37308 | Vaults:4 | Received a gift from Okawaru
 37318 | Vaults:4 | HP: 7/140 [vault guard/+0 great sword (11)]
 37318 | Vaults:4 | Slain by a vault guard

Levels and vault maps discovered:
D:1:      elethiomel_arrival_infinity_welcomes_careful_drivers, layout_basic,
          st_stairs_13
D:2:      cheibrodos_greedy_goblins, layout_basic, lemuel_coloured_pillars_altar
D:3:      layout_basic, gup_sewer_entry_bowl, serial_forest,
          infiniplex_forest_clump_medium, infiniplex_forest_end_2,
          infiniplex_forest_end_1, infiniplex_forest_end_1,
          infiniplex_forest_straight_3, infiniplex_forest_straight_2,
          uniq_sigmund, uniq_grinder
D:4:      layout_loops_corners, minmay_temple_entry_trees, first_ration,
          minmay_rat_hole
D:5:      layout_loops_cross, tgw_trog, uniq_crazy_yiuf_cottage, uniq_menkaure
D:6:      layout_basic
D:7:      layout_loops_cross, marbit_many_paths, grunt_temple_overflow_diamond,
          basic_altar, minmay_misc_feat_four_crosses
D:8:      layout_loops_cross, uniq_erica, uniq_gastronok
D:9:      layout_basic, serial_shops, kennysheep_mini_moat, uniq_maurice
D:10:     layout_stronghold, dpeg_oklobed_lair, david_nohive_1,
          nemelex_diamond_rough_becter
D:11:     layout_layer_cave, erik_orc_1, minmay_pinched_square, uniq_erolcha
D:12:     layout_small_grid, uniq_snorg
D:13:     layout_gridville, david_vaults_1, serial_bayou, serial_bayou_crossing,
          serial_bayou_pond_d, serial_bayou_pond_a, serial_bayou_shore_b,
          basic_altar, gauntlet_entry_generic, eino_curves_01
Temple:   nicolae_temple_x_marks_the_god
Lair:1:   layout_regular_city
Lair:2:   layout_loops_ring, chequers_serial_rivers_small_3
Lair:3:   dragon1_lemuel, layout_loops_ring, roderic_batcave
Lair:4:   layout_regular_city, elwin_shoals_entry_rocks,
          minmay_snake_entry_six_corridors
Lair:5:   layout_regular_city
Lair:6:   minmay_lair_end_enchanted_forest, layout_gridlike,
          dpeg_slime_entry_enclosed_altar, basic_altar, minivault_25,
          grunt_megastairs_5
Shoals:1: layout_shoals
Shoals:2: layout_shoals
Shoals:3: cheibrodos_shoals_baths, layout_shoals, lemuel_oklob_altar
Shoals:4: shoals_end_grunt_ice, layout_shoals, serial_shops, shop
Snake:1:  layout_cave_shapes, serial_shops, nicolae_shop_statue_plus,
          grunt_megastairs_4
Snake:2:  layout_cave_town
Snake:3:  layout_layer_cave, minmay_shop_grove, uniq_vashnia, uniq_aizul,
          uniq_mara, uniq_agnes, uniq_louise
Snake:4:  minmay_snake_end_coiled, layout_basic, serial_shops,
          nicolae_shop_overgrown_old_shop, grunt_ministairs_1, st_stairs_9
Orc:1:    layout_diamond_mine, gammafunk_ghost_berserking_beasts,
          lemuel_statue_altar, uniq_nergalle
Orc:2:    pf_orc_diabolical, layout_caves
Vaults:1: gammafunk_vaults_ghost_spectres, ontoclasm_vaults_chip,
          nicolae_vaults_alarming, grunt_tower_of_power, v_alt_pattern_4,
          ontoclasm_vaults_hangar, ontoclasm_vaults_idyll,
          nicolae_vaults_yaktaur_gun_rack, layout_vaults_omnigrid, uniq_asterion
Vaults:2: v_misc_1, v_misc_1, nicolae_vaults_border_crossing, v_misc_24,
          nicolae_vaults_little_squares_5, vaults_mumra_hexcomb,
          nicolae_vaults_mini_display_case, v_misc_13, st_spiral_rooms,
          hangedman_vaults_nails, ontoclasm_vaults_claustrophobia,
          grunt_vaults_hallway_short, grunt_vaults_hallway_short,
          minmay_crypt_entry_necro_gods, v_misc_24, layout_vaults_omnicross
Vaults:3: nicolae_vaults_network_star, ontoclasm_vaults_ring_small,
          vaults_room_grunt_arrival_checkpoint, v_rooms_2,
          grunt_vaults_diagonal, vaults_room_stairs_pillars,
          nicolae_vaults_little_squares_3, nicolae_vaults_little_squares_3,
          grunt_vaults_funnel, layout_vaults_chaotic_city, basic_altar,
          serial_shops, bzr_entry_road, uniq_mennas
Vaults:4: nicolae_vaults_stairing_the_circle, vaults_room_ringed_pool,
          hangedman_vaults_stagger, vaults_room_semicircle, vaults_dpeg_spiral,
          nicolae_vaults_meeting, vaults_room_grunt_arrival_ludios,
          grunt_vaults_focal, v_pattern_1, vaults_mumra_minichess,
          vaults_dpeg_diagonal, vaults_room_hallway, layout_vaults_omnibox,
          serial_shops, shop

Skill      XL: |  1  2  3  4  5  6  7  8  9 10 11 12 13 14 15 16 17 18 19 20 21 |
---------------+----------------------------------------------------------------+-----
Maces & Flails | 4 5 6 7 8 9 11 13 15 16 17 18 19 | 19.1
Fighting       | 2 6 8 10 11 14 15 16 17 | 17.5
Shields        | 4 6 8 10 13 15 17 19 20 | 20.0
Armour         | 2 5 8 9 10 | 10.2
Invocations    | 4 7 8 |  8.0
Evocations     | 4 5 8 11 | 11.5
Throwing       | 4 6 8 |  8.8
Spellcasting   | 3 |  3.0
Necromancy     | |  1.0
Ice Magic      | |  1.0

Action                   |  1- 3 |  4- 6 |  7- 9 | 10-12 | 13-15 | 16-18 | 19-21 || total
-------------------------+-------+-------+-------+-------+-------+-------+-------++-------
Melee: Club              |    25 |       |       |       |       |       |       ||    25
       Mace              |   131 |   372 |       |       |       |       |       ||   503
       Morningstar       |       |   102 |   304 |   423 |  1076 |  1263 |   973 ||  4141
Throw: Dart              |       |       |     7 |       |       |       |       ||     7
Invok: Heroism           |       |       |       |       |       |     1 |       ||     1
       Finesse           |       |       |       |       |       |     1 |       ||     1
 Abil: Fly               |       |       |       |       |       |     1 |       ||     1
Evoke: Wand              |       |       |       |     7 |    10 |     3 |     5 ||    25
  Use: Potion            |     4 |       |     2 |     3 |     4 |     9 |     6 ||    28
       Scroll            |     1 |     9 |       |    13 |    12 |    15 |    12 ||    62
 Stab: Paralysed         |       |       |       |       |     1 |       |       ||     1
       Distracted        |       |       |       |       |       |       |     1 ||     1
  Eat: Chunk             |     1 |     6 |    13 |    11 |    24 |    12 |    20 ||    87
       Ration            |     1 |     1 |       |     3 |     2 |     4 |       ||    11
Armor: Scale mail        |    80 |   191 |   169 |   197 |       |       |       ||   637
       Plate armour      |       |       |       |    46 |   723 |   969 |   798 ||  2536
Dodge: Dodged            |    77 |   190 |   132 |   136 |   240 |   313 |   258 ||  1346
Block: Buckler           |       |       |    62 |   121 |   296 |   669 |   488 ||  1636

Table legend:
 A = Non-vault XP
 B = Vault XP
 C = Vault XP percentage of total XP
 D = Non-vault monster count
 E = Vault monster count
 F = Vault count percentage of total count
                 A         B        C        D         E       F
            +---------+---------+-------+---------+---------+-------
      Total |  306855 |  202334 |  39.7 |     932 |     464 |  33.2
            +---------+---------+-------+---------+---------+-------
        D:1 |      51 |       4 |   7.3 |      22 |       1 |   4.3
        D:2 |      24 |      16 |  40.0 |       6 |       8 |  57.1
        D:3 |      30 |     226 |  88.3 |      18 |       5 |  21.7
        D:4 |     347 |      20 |   5.4 |      21 |      19 |  47.5
        D:5 |     535 |     221 |  29.2 |      19 |       7 |  26.9
        D:6 |     572 |       0 |   0.0 |      16 |       0 |   0.0
        D:7 |    1818 |      50 |   2.7 |      38 |       1 |   2.6
        D:8 |    2425 |    3240 |  57.2 |      48 |       2 |   4.0
        D:9 |    2764 |     503 |  15.4 |      40 |       1 |   2.4
       D:10 |    1676 |    1150 |  40.7 |      17 |      15 |  46.9
       D:11 |    2413 |    5264 |  68.6 |      20 |      32 |  61.5
       D:12 |    8117 |    1090 |  11.8 |      49 |       1 |   2.0
       D:13 |   10256 |    2333 |  18.5 |      41 |       4 |   8.9
     Lair:1 |     292 |       0 |   0.0 |       2 |       0 |   0.0
     Lair:2 |    1016 |       0 |   0.0 |       5 |       0 |   0.0
     Lair:3 |    2605 |    1252 |  32.5 |      10 |       9 |  47.4
     Lair:4 |    4320 |    1527 |  26.1 |      17 |      13 |  43.3
     Lair:5 |    6839 |     877 |  11.4 |      25 |       3 |  10.7
     Lair:6 |   15016 |   10488 |  41.1 |      44 |      49 |  52.7
   Shoals:1 |   10896 |       0 |   0.0 |      21 |       0 |   0.0
   Shoals:2 |   11046 |       0 |   0.0 |      22 |       0 |   0.0
   Shoals:3 |   10878 |    2263 |  17.2 |      23 |       6 |  20.7
   Shoals:4 |   19337 |   17289 |  47.2 |      39 |      26 |  40.0
    Snake:1 |    8882 |    1087 |  10.9 |      18 |       2 |  10.0
    Snake:2 |   24235 |    6095 |  20.1 |      48 |       2 |   4.0
    Snake:3 |   21112 |   14518 |  40.7 |      35 |       6 |  14.6
    Snake:4 |   38381 |   29048 |  43.1 |      72 |      47 |  39.5
      Orc:1 |    1894 |    3988 |  67.8 |      28 |      12 |  30.0
      Orc:2 |    3648 |   16539 |  81.9 |      25 |      58 |  69.9
   Vaults:1 |   26446 |   16576 |  38.5 |      39 |      21 |  35.0
   Vaults:2 |   25801 |   30492 |  54.2 |      38 |      38 |  50.0
   Vaults:3 |   19528 |   25301 |  56.4 |      33 |      33 |  50.0
   Vaults:4 |   23655 |    7472 |  24.0 |      33 |      14 |  29.8
      Sewer |       0 |      39 | 100.0 |       0 |      19 | 100.0
   Gauntlet |       0 |    3366 | 100.0 |       0 |      10 | 100.0
            +---------+---------+-------+---------+---------+-------
